 Dungeon Crawl Stone Soup version 0.23-a0-208-gb6b040f (webtiles) character file.

170408 Ijustatesigmund the Unseen (level 17, -1/184 HPs)
             Began as an Octopode Fighter on Sept 20, 2018.
             Was a High Priest of Okawaru.
             Slain by a deep troll (11 damage)
             ... on level 3 of the Depths on Sept 25, 2018.
             The game lasted 02:23:49 (39987 turns).

Ijustatesigmund the Unseen (Octopode Fighter)      Turns: 39987, Time: 02:23:50

Health: -1/184     AC: 10    Str: 18    XL:     17   Next: 99%
Magic:  27/27      EV: 29    Int: 12    God:    Okawaru [*****.]
Gold:   1387       SH: 24    Dex: 25    Spells: 16/16 levels left

rFire    + + .     SeeInvis +   a - +4 broad axe "Jonicw" {chop, rN+}
rCold    + + .     Gourm    .   b - +5 shield
rNeg     + . .     Faith    .   y - +2 hat of the Grue {Dex+3 Slay+3}
rPois    .         Spirit   .   M - amulet of Muicy {Reflect rElec rF++ MR+ Str-4 SH+6}
rElec    +         Reflect  +   z - +4 ring of protection
rCorr    +         Harm     .   T - ring of protection from cold
MR       ++...                  i - +3 ring of protection
Stlth    ..........             X - ring of resist corrosion
HPRegen  0.40/turn              I - ring "Kuqebria" {rF+ Int+2 SInv Stlth+}
MPRegen  0.20/turn              q - ring of ice
                                t - ring of flight
                                (no ring)

@: mighty, agile, berserking, hasted (expiring), very quick
A: almost no armour, stealthy swim, amphibious, 8 rings, constrict 8, camouflage
1, gelatinous body 1
a: Heroism, Finesse, Renounce Religion, Evoke Flight


You were on level 3 of the Depths.
You worshipped Okawaru.
Okawaru was extremely pleased with you.
You were hungry.

You visited 6 branches of the dungeon, and saw 29 of its levels.
You visited the Abyss 1 time.
You also visited: Ice Cave and Volcano.

You collected 2942 gold pieces.
You spent 1555 gold pieces at shops.

Inventory:

Hand Weapons
 a - the +4 broad axe "Jonicw" (weapon) {chop, rN+}
   (You acquired it on level 4 of the Lair of Beasts)

   It inflicts extra damage upon your enemies.
   It protects you from negative energy.
 C - a +8 blowgun
 Q - a +2 vampiric war axe
 U - a +2 broad axe of flaming
Missiles
 e - 9 javelins of penetration (quivered)
 f - 24 poisoned needles
 p - 5 silver javelins
 L - 5 throwing nets
 O - 6 curare-tipped needles
Armour
 b - a +5 shield (worn)
 y - the +2 hat of the Grue (worn) {Dex+3 Slay+3}
   (Okawaru gifted it to you on level 6 of the Lair of Beasts)

   It affects your dexterity (+3).
   It affects your accuracy and damage with ranged weapons and melee attacks
   (+3).
Jewellery
 i - a +3 ring of protection (on tentacle)
 q - a ring of ice (on tentacle)
 t - a ring of flight (on tentacle)
 z - a +4 ring of protection (left tentacle)
 I - the ring "Kuqebria" (on tentacle) {rF+ Int+2 SInv Stlth+}
   (You acquired it on level 6 of the Lair of Beasts)

   [ring of intelligence]

   It affects your intelligence (+2).
   It protects you from fire.
   It lets you see invisible.
   It makes you more stealthy.
 J - the ring "Torul" {rElec rC+ Str-5 SInv}
   (You found it on level 15 of the Dungeon)

   [ring of see invisible]

   It affects your strength (-5).
   It protects you from cold.
   It insulates you from electricity.
   It lets you see invisible.
 M - the amulet of Muicy (around mantle) {Reflect rElec rF++ MR+ Str-4 SH+6}
   (You bought it in a shop on level 7 of the Dungeon)

   [amulet of reflection]

   It shields you and reflects attacks.
   It affects your strength (-4).
   It greatly protects you from fire.
   It insulates you from electricity.
   It affects your resistance to hostile enchantments.
   It affects your SH (+6).
 T - a ring of protection from cold (right tentacle)
 X - a ring of resist corrosion (on tentacle)
 Y - the ring "Hicewer" {rC+ rN+ Str-4 Int+4}
   (You found it on level 6 of the Lair of Beasts)

   [ring of protection from cold]

   It affects your strength (-4).
   It affects your intelligence (+4).
   It protects you from cold.
   It protects you from negative energy.
Wands
 c - a wand of iceblast (2)
 D - a wand of enslavement (21)
 E - a wand of polymorph (24)
 Z - a wand of digging (14)
Scrolls
 k - 6 scrolls of amnesia
 l - 3 scrolls of fog
 v - 10 scrolls of remove curse
 x - a scroll of immolation
 A - a scroll of silence
 B - 4 scrolls of magic mapping
 F - a scroll of holy word
 H - 6 scrolls of identify
 K - a scroll of enchant weapon
 P - 4 scrolls of enchant armour
Potions
 g - a potion of ambrosia
 h - 3 potions of resistance
 j - 6 potions of lignification
 n - 3 potions of brilliance
 o - 5 potions of haste
 r - 4 potions of magic
 s - 2 potions of flight
 u - 2 potions of agility
 S - 6 potions of curing
 W - 2 potions of cancellation
Comestibles
 d - 17 rations


   Skills:
 - Level 13.6 Fighting
 - Level 15.0 Axes
 - Level 6.8 Throwing
 - Level 11.0 Dodging
 + Level 15.2 Stealth
 - Level 11.4 Shields
 + Level 14.5 Invocations
 + Level 7.6 Evocations


You had 16 spell levels left.
You didn't know any spells.
Your spell library contained the following spells:

 Spells                   Type           Power        Failure   Level  Hunger
 Animate Skeleton         Necr           N/A          45%         1    ##.....
 Corona                   Hex            #......      45%         1    ##.....
 Pain                     Necr           #...         45%         1    ##.....
 Ensorcelled Hibernation  Hex/Ice        #.....       61%         2    ###....
 Confuse                  Hex            #.......     83%         3    ####...
 Dazzling Spray           Conj/Hex       #.....       83%         3    ####...
 Regeneration             Chrm/Necr      #.........   83%         3    ####...
 Tukima's Dance           Hex            #.......     83%         3    ####...
 Vampiric Draining        Necr           #.........   83%         3    ####...
 Animate Dead             Necr           N/A          99%         4    #####..


Dungeon Overview and Level Annotations

Branches:
Dungeon (15/15)            Temple (1/1) D:4            Lair (6/6) D:9
  Swamp (2/4) Lair:2       Spider (0/4) Lair:2        Slime (0/5) Lair:6
    Orc (2/2) D:9             Elf (0/3) Orc:2        Vaults (0/5) D:14
 Depths (3/5) D:15

Altars:
Cheibriados
Fedhas
Gozag
Kikubaaqudgha
Makhleb
Okawaru
Qazlal
Ru
Sif Muna
Trog
Uskayaw
Vehumet
Wu Jian
Xom
Yredelemnul
Zin
Beogh
Jiyva

Shops:
D:4 [   D:7 =:(   D:12 *   Orc:2 ([[!!

Portals:
Hell: Depths:1
Pandemonium: Depths:1


Innate Abilities, Weirdness & Mutations

You cannot wear most types of armour.
You are very stealthy in the water. (Stealth+)
You are amphibious.
You can wear up to eight rings at the same time.
You can use your tentacles to constrict eight enemies at once.
Your skin changes colour to match your surroundings (Stealth+).
Your rubbery body absorbs attacks. (AC +1, EV +1)


Message History

An ice dragon and a great orb of eyes come into view.
Found 21 stones and a halberd.
Found an escape hatch in the floor.
There is a stone staircase leading up here.
You barely miss the deep troll. Your squeeze misses the deep troll.
The deep troll is moderately wounded.
You slice the deep troll!!
The great orb of eyes turns its gaze towards you.
The ice dragon roars deafeningly!
You block the deep troll's attack. x2; The deep troll claws you!
* * * LOW HITPOINT WARNING * * *
You block the deep troll's attack. The deep troll completely misses you.
The deep troll claws you.
* * * LOW HITPOINT WARNING * * *
You feel better. You block the deep troll's attack.
The deep troll barely misses you. You block the deep troll's attack.
A red film seems to cover your vision as you go berserk!
You feel yourself moving faster!
You feel mighty! The deep troll completely misses you.
You block the deep troll's attack. The deep troll claws you!
You die...

###
##..##
+...D#
#.>T@#
+..GT#
##..##
###


You could see an ice dragon, a great orb of eyes and 2 deep trolls.

Vanquished Creatures
  A profane servitor (Abyss:3)
  Rupert (D:13)
  2 liches (D:15)
  A tentacled starspawn (Abyss:3)
  A thorn hunter (Lair:4)
  A tengu reaver (D:15)
  2 fire giants
  2 frost giants
  An orc warlord (Orc:2)
  6 stone giants
  7 very ugly things
  2 ghouls (Swamp:1)
  A spark wasp (D:15)
  Nessos (Orc:2)
  2 minotaurs
  A dire elephant (D:15)
  Snorg (Lair:5)
  The ghost of Gowkaurr the Cleaver, a journeyman FoFi of Gozag (D:13)
  2 ettins
  A yaktaur captain (D:15)
  The ghost of Sipn the Grappler, a journeyman OgTm of Makhleb (Lair:1)
  3 fire dragons
  A rakshasa (Depths:1)
  2 ice dragons
  Harold (Orc:1)
  A spriggan air mage (D:15)
  9 hydras
  3 two-headed ogres
  2 centaur warriors (D:15)
  Erica (D:9)
  A ghost crab (Swamp:1)
  2 dancing weapons (D:14)
  2 alligators (Swamp:1)
  2 shambling mangroves (Swamp:1)
  3 deep troll shamans
  A tengu warrior (D:15)
  5 death yaks (Lair:5)
  A spriggan berserker (D:15)
  2 deep troll earth magi
  An orc high priest (Orc:2)
  Nergalle (Lair:4)
  Sonja (D:10)
  A sixfirhy (Abyss:3)
  A deep troll (Depths:2)
  An unseen horror (D:12)
  A wizard (Depths:1)
  The ghost of Scuka the Basher, a novice GrFi of Okawaru (D:8)
  2 glowing orange brains (D:15)
  A deep elf archer (D:8)
  Pikel (D:4)
  A necromancer (IceCv)
  5 deep elf magi
  3 orc knights
  A wolf spider (D:15)
  3 orc sorcerers
  11 ugly things
  2 cyclopes
  A manticore (D:15)
  4 black mambas
  17 elephants
  The ghost of Gildeon the Cleaver, a novice MiFi of Trog (D:6)
  3 gargoyles
  A guardian serpent (shapeshifter) (Depths:1)
  3 ice statues (IceCv)
  5 rime drakes
  27 spiny frogs
  An efreet (Volcano)
  6 yaktaurs
  2 kobold demonologists (D:15)
  9 komodo dragons
  8 ice devils (IceCv)
  An ancient zyme (Abyss:3)
  2 tengu conjurers (D:13)
  A queen bee (D:10)
  A jumping spider (Lair:2)
  11 trolls
  A hornet (shapeshifter) (D:15)
  6 tyrant leeches
  3 polar bears
  4 bog bodies
  5 hornets
  Prince Ribbit (D:5)
  24 blink frogs
  29 slime creatures
  4 dream sheep (Lair:6)
  7 raiju (Abyss:3)
  A meliai zombie (D:13)
  10 hippogriffs
  Sigmund (D:5)
  A vampire (D:14)
  8 shadows
  A ynoxinul (Abyss:3)
  4 wyverns
  A fire elemental (Volcano)
  A wraith (D:13)
  25 yaks
  A human (D:8)
  3 basilisks
  8 fire bats
  6 starcursed masses (Abyss:3)
  Grum (Lair:1)
  3 hungry ghosts
  3 large abominations (Abyss:3)
  2 swamp worms
  A steam dragon (D:11)
  23 vampire mosquitoes
  An acid dragon (D:15)
  6 insubstantial wisps
  6 wargs
  7 water moccasins
  10 porcupines
  Duvessa (D:6)
  4 swamp drakes
  34 orc warriors
  2 phantoms
  3 ice beasts
  2 eyes of draining
  A hornet zombie (D:15)
  2 sky beasts
  2 black bears
  3 necrophages
  20 centaurs
  5 boggarts (D:15)
  16 ogres
  2 wolves (Lair:1)
  2 big kobolds (D:15)
  10 crocodiles
  32 bullfrogs
  A small abomination (Abyss:3)
  Dowan (D:6)
  2 earth elementals (Volcano)
  The ghost of CasualChangeling the Skirmisher, a weakling DrMo (D:3)
  35 killer bees
  2 scorpions
  8 wights
  7 electric eels
  4 howler monkeys
  2 draconian simulacra (IceCv)
  6 crimson imps
  2 centaur zombies
  8 lava snakes (Volcano)
  A quasit (D:12)
  A bullfrog zombie (D:7)
  2 jellies (D:7)
  8 hounds
  26 orc priests
  6 bullfrog skeletons
  4 iguanas
  2 troll simulacra (IceCv)
  36 orc wizards
  9 worker ants
  3 centaur simulacra (IceCv)
  A hound zombie (D:6)
  A hound skeleton (D:5)
  A worker ant zombie (D:11)
  12 gnolls
  2 naga simulacra (IceCv)
  5 adders
  An ogre simulacrum (IceCv)
  3 shadow imps
  An ufetubus (Abyss:3)
  2 adder skeletons (D:5)
  4 worms
  4 dart slugs
  4 leopard geckos
  108 orcs
  A ball python (D:12)
  9 bats
  5 giant cockroaches
  8 goblins
  10 hobgoblins
  15 jackals
  10 kobolds
  4 quokkas
  A ball python skeleton (D:4)
  6 frilled lizards
  A jackal skeleton (D:9)
  3 leopard gecko skeletons
  3 rats
  A bush (Lair:6)
  A fungus (Lair:6)
  4 plants
  2 starspawn tentacles (Abyss:3)
  A withered plant (Swamp:1)
992 creatures vanquished.

Vanquished Creatures (collateral kills)
  Frances (Swamp:2)
  A swamp dragon (Swamp:2)
  A slime creature (Swamp:2)
3 creatures vanquished.

Vanquished Creatures (others)
  Kirke (D:15)
  A stone giant (Volcano)
  A cyclops (D:15)
  A yaktaur (Depths:2)
  A blink frog (Lair:6)
  4 humans (D:15)
  A slave (D:5)
  4 centaurs (D:15)
  A scorpion (D:5)
  An orc wizard (Orc:2)
  A worker ant (D:5)
  A shadow imp (D:5)
  3 orcs
  5 bushes (Lair:6)
  7 fungi
  38 plants
  2 starspawn tentacles (Abyss:3)
  24 withered plants (Swamp:1)
97 creatures vanquished.

Grand Total: 1092 creatures vanquished

Notes
Turn   | Place    | Note
-------+----------+-------------------------------------------
     0 | D:1      | Ijustatesigmund the Octopode Fighter began the quest for
                  | the Orb.
     0 | D:1      | Reached XP level 1. HP: 16/16 MP: 1/1
   244 | D:1      | Reached XP level 2. HP: 9/21 MP: 2/2
  1048 | D:2      | Found a faded altar of an unknown god.
  1120 | D:2      | Reached XP level 3. HP: 25/26 MP: 3/3
  1207 | D:2      | Found an opulent altar of Gozag.
  1479 | D:2      | Reached XP level 4. HP: 28/31 MP: 4/4
  2269 | D:3      | Reached XP level 5. HP: 27/36 MP: 5/5
  2317 | D:3      | Found a runed door.
  2317 | D:3      | Noticed CasualChangeling's ghost (weakling DrMo)
  2342 | D:3      | Killed CasualChangeling's ghost
  2342 | D:3      | Reached skill level 5 in Shields
  3090 | D:4      | Reached XP level 6. HP: 42/42 MP: 6/6
  3381 | D:4      | Found Cumufai's Antique Armour Emporium.
  3864 | D:4      | Reached XP level 7. HP: 25/46 MP: 7/7
  4159 | D:4      | Found a staircase to the Ecumenical Temple.
  4168 | Temple   | Entered the Ecumenical Temple
  4206 | Temple   | Became a worshipper of Warmaster Okawaru
  4254 | D:5      | Entered Level 5 of the Dungeon
  4254 | D:5      | Noticed Sigmund
  4254 | D:5      | Noticed Pikel
  4260 | D:4      | Killed Pikel
  4260 | D:4      | Reached * piety under Okawaru
  4260 | D:4      | Reached skill level 5 in Axes
  4260 | D:4      | Reached XP level 8. HP: 53/54 MP: 8/8
  4275 | D:5      | Killed Sigmund
  4360 | D:5      | Reached ** piety under Okawaru
  4360 | D:5      | Reached skill level 1 in Stealth
  4370 | D:5      | Reached skill level 1 in Invocations
  4538 | D:5      | Noticed Prince Ribbit
  4546 | D:5      | Killed Prince Ribbit
  4546 | D:5      | Reached skill level 5 in Fighting
  5273 | D:6      | Reached XP level 9. HP: 61/61 MP: 10/10
  5712 | D:6      | Noticed Duvessa
  5712 | D:6      | Noticed Dowan
  5722 | D:6      | Killed Duvessa
  5728 | D:6      | Killed Dowan
  5890 | D:6      | Found a runed door.
  5890 | D:6      | Noticed Gildeon's ghost (novice MiFi)
  5938 | D:6      | Reached *** piety under Okawaru
  6476 | D:6      | Killed Gildeon's ghost
  6476 | D:6      | Reached skill level 5 in Stealth
  6751 | D:7      | Noticed a hand axe
  6751 | D:7      | Noticed a hand axe
  6752 | D:7      | Found a hide-covered altar of Uskayaw.
  6779 | D:7      | Found Doxtaexo's Jewellery Shoppe.
  6808 | D:7      | Reached **** piety under Okawaru
  7037 | D:7      | Found Nirha's Book Shoppe.
  7107 | D:7      | Found Ickevedwe's Antique Weapon Shoppe.
  7153 | D:7      | Reached XP level 10. HP: 69/69 MP: 11/13
  7416 | D:7      | Reached skill level 5 in Invocations
  7508 | D:8      | Paralysed by a hornet for 3 turns
  8102 | D:8      | Found a runed gate.
  8102 | D:8      | Found a runed gate.
  8102 | D:8      | Found a runed gate.
  8104 | D:8      | Noticed a deep elf archer
  8105 | D:8      | Noticed a cyclops
  8109 | D:8      | Found an opulent altar of Gozag.
  8109 | D:8      | Noticed Scuka's ghost (novice GrFi)
  8500 | D:8      | Killed a cyclops
  8500 | D:8      | Reached skill level 10 in Axes
  8507 | D:8      | Killed a deep elf archer
  8507 | D:8      | Reached ***** piety under Okawaru
  8680 | D:8      | Killed Scuka's ghost
  9105 | D:8      | Received a gift from Okawaru
  9105 | D:8      | Reached XP level 11. HP: 41/76 MP: 15/15
  9405 | D:9      | Found a staircase to the Lair.
  9431 | D:9      | Reached skill level 5 in Dodging
  9433 | D:9      | Noticed a two-headed ogre
  9453 | Lair:1   | Entered Level 1 of the Lair of Beasts
  9455 | Lair:1   | Killed a two-headed ogre
  9756 | D:9      | Noticed Grum
  9774 | Lair:1   | Killed Grum
  9989 | D:9      | Noticed Erica
 10295 | D:9      | Found a sacrificial altar of Ru.
 10295 | D:9      | Found a bloodstained altar of Trog.
 10295 | D:9      | Found a radiant altar of Vehumet.
 10387 | D:9      | Killed Erica
 10391 | D:10     | Entered Level 10 of the Dungeon
 10464 | D:10     | Noticed Sonja
 10475 | D:10     | Killed Sonja
 11473 | D:9      | Found a staircase to the Orcish Mines.
 11577 | D:9      | Upgraded the game from 0.23-a0-182-g58cdd98 to
                  | 0.23-a0-183-gf37f6fb
 11853 | D:10     | Found an opulent altar of Gozag.
 11856 | D:10     | Reached skill level 1 in Evocations
 12116 | D:10     | Reached XP level 12. HP: 44/82 MP: 17/17
 12933 | D:11     | Reached skill level 1 in Throwing
 13445 | D:11     | Noticed a two-headed ogre
 13457 | D:11     | Killed a two-headed ogre
 14057 | Orc:1    | Entered Level 1 of the Orcish Mines
 14351 | Orc:1    | Reached skill level 5 in Throwing
 14375 | D:9      | Received a gift from Okawaru
 14714 | Orc:2    | Entered Level 2 of the Orcish Mines
 14727 | Orc:2    | Received a gift from Okawaru
 14744 | Orc:2    | Found Udiynnur's Distillery.
 14752 | Orc:2    | Bought a potion of might for 60 gold pieces
 14767 | Orc:2    | Found a dark tunnel.
 14804 | Volcano  | Entered a volcano
 15029 | Volcano  | Found a bloodstained altar of Trog.
 15037 | Volcano  | Noticed a stone giant
 15051 | Volcano  | Killed a stone giant
 15834 | Orc:1    | Noticed Harold
 15861 | Orc:1    | Killed Harold
 15950 | Orc:1    | Found a roughly hewn altar of Beogh.
 16466 | D:7      | Bought the amulet of Muicy {Reflect rElec rF++ MR+ Str-4
                  | SH+6} for 1220 gold pieces
 16542 | Orc:2    | Found a staircase to the Elven Halls.
 16613 | Orc:2    | Reached XP level 13. HP: 90/90 MP: 19/19
 16932 | Orc:2    | Received a gift from Okawaru
 16963 | Orc:2    | Found a roughly hewn altar of Beogh.
 17070 | Orc:2    | Found Bungi's Armour Emporium.
 17227 | Orc:2    | Found a roughly hewn altar of Beogh.
 17229 | Orc:2    | Found Boisokej's Distillery.
 17235 | Orc:2    | Bought a potion of heal wounds for 55 gold pieces
 17235 | Orc:2    | Bought 2 potions of haste for 220 gold pieces
 17287 | Orc:2    | Found a roughly hewn altar of Beogh.
 17310 | Orc:2    | Noticed Nessos
 17322 | Orc:2    | Killed Nessos
 17322 | Orc:2    | Reached skill level 10 in Stealth
 17445 | Orc:2    | Found a roughly hewn altar of Beogh.
 17619 | Orc:2    | Noticed an ettin
 17672 | Orc:2    | Killed an ettin
 17816 | Orc:1    | Received a gift from Okawaru
 17999 | Orc:1    | Paralysed by an orc sorcerer for 5 turns
 18221 | Orc:2    | Noticed an orc warlord
 18274 | Orc:2    | Killed an orc warlord
 18274 | Orc:2    | Received a gift from Okawaru
 18274 | Orc:2    | Received a gift from Okawaru
 18479 | Orc:2    | Found Tiuw's Antique Weapon Shop.
 18480 | Orc:2    | Found a roughly hewn altar of Beogh.
 18595 | Orc:2    | Found Pyzuduxt's Antique Armour Boutique.
 18834 | Lair:1   | Noticed Sipn's ghost (journeyman OgTm)
 18836 | Lair:1   | Noticed a minotaur
 19651 | Lair:1   | Found a runed gate.
 19651 | Lair:1   | Found a runed gate.
 19651 | Lair:1   | Found a runed gate.
 19697 | Lair:1   | Killed Sipn's ghost
 19697 | Lair:1   | Reached skill level 10 in Fighting
 19734 | Lair:1   | Killed a minotaur
 20222 | Lair:2   | Found the +4 dagger "Morg" {pain, MR+ Int+5}
 20229 | Lair:2   | Found a staircase to the Swamp.
 21029 | Lair:2   | Found a hole to the Spider Nest.
 21042 | Lair:2   | Reached XP level 14. HP: 97/99 MP: 21/21
 21342 | Lair:3   | Found a glowing silver altar of Zin.
 22052 | Lair:4   | Noticed Nergalle
 22067 | Lair:4   | Killed Nergalle
 22243 | Lair:4   | Reached skill level 10 in Invocations
 22425 | Lair:5   | Received a gift from Okawaru
 22477 | Lair:4   | Identified a scroll of acquirement
 22482 | Lair:4   | Got an ichor-stained broad axe
 22483 | Lair:4   | Identified the +4 broad axe "Jonicw" {chop, rN+} (You
                  | acquired it on level 4 of the Lair of Beasts)
 22705 | Lair:4   | Noticed a thorn hunter
 22705 | Lair:4   | an oklob plant changed into a thorn hunter
 22721 | Lair:4   | Killed a thorn hunter
 23277 | Lair:5   | Noticed Snorg
 23316 | Lair:5   | Killed Snorg
 23421 | Lair:6   | Entered Level 6 of the Lair of Beasts
 24023 | Lair:5   | Received a gift from Okawaru
 24797 | Lair:5   | Received a gift from Okawaru
 25208 | Lair:6   | Got a bound silver ring
 25223 | Lair:6   | HP: 1/102 [spiny frog (19)]
 25236 | Lair:5   | Identified the ring "Hicewer" {rC+ rN+ Str-4 Int+4} (You
                  | found it on level 6 of the Lair of Beasts)
 25589 | Lair:5   | Reached XP level 15. HP: 96/108 MP: 20/23
 26331 | Lair:6   | Found a viscous altar of Jiyva.
 26351 | Lair:6   | Received a gift from Okawaru
 26440 | Lair:6   | Got a translucent golden ring
 26441 | Lair:6   | Identified the ring "Kuqebria" {rF+ Int+2 SInv Stlth+} (You
                  | acquired it on level 6 of the Lair of Beasts)
 26718 | Lair:6   | Upgraded the game from 0.23-a0-183-gf37f6fb to
                  | 0.23-a0-207-g93a313e
 27223 | Lair:6   | Received a gift from Okawaru
 27226 | Lair:6   | Got a smoking hat {god gift}
 27237 | Lair:6   | Identified the +2 hat of the Grue {Dex+3 Slay+3} (Okawaru
                  | gifted it to you on level 6 of the Lair of Beasts)
 27288 | Lair:6   | Found a staircase to the Slime Pits.
 28186 | D:12     | Found Eshrot's Serpentskin Sales.
 28733 | D:13     | Found a frozen archway.
 28740 | IceCv    | Entered an ice cave
 29029 | IceCv    | Found the +12 glaive of Prune {chop}
 29179 | D:13     | Noticed Gowkaurr's ghost (journeyman FoFi)
 29181 | D:13     | Found a runed door.
 29213 | D:13     | Killed Gowkaurr's ghost
 29260 | D:13     | Noticed Rupert
 29284 | D:13     | Killed Rupert
 29787 | D:14     | Noticed Louise
 29791 | D:14     | Cast into level 3 of the Abyss (Louise)
 29797 | Abyss:3  | Found a corrupted altar of Lugonu.
 29827 | Abyss:3  | Noticed a tentacled starspawn
 29937 | Abyss:3  | Noticed a tentacled starspawn
 29948 | Abyss:3  | Killed a tentacled starspawn
 29948 | Abyss:3  | Reached XP level 16. HP: 53/117 MP: 25/25
 30058 | Abyss:3  | Found a corrupted altar of Lugonu.
 30083 | Abyss:3  | Noticed a profane servitor
 30107 | Abyss:3  | Killed a profane servitor
 30310 | Abyss:3  | Noticed a tentacled starspawn
 30314 | D:14     | Escaped the Abyss
 30676 | D:14     | Found a gate to the Vaults.
 30716 | D:14     | Noticed Louise
 30716 | D:14     | Louise changed into Louise the minotaur
 30731 | D:14     | Killed Louise the minotaur
 30887 | D:14     | Found a snail-covered altar of Cheibriados.
 31178 | D:15     | Entered Level 15 of the Dungeon
 31279 | D:15     | Noticed Kirke
 31370 | D:15     | Killed Kirke
 31648 | D:15     | Received a gift from Okawaru
 31648 | D:15     | Reached skill level 15 in Axes
 31819 | D:15     | Found a staircase to the Depths.
 31840 | D:15     | Got a steaming pewter ring
 31841 | D:15     | Identified the ring "Torul" {rElec rC+ Str-5 SInv} (You
                  | found it on level 15 of the Dungeon)
 32277 | Depths:1 | Entered Level 1 of the Depths
 32277 | Depths:1 | Noticed a lich
 32277 | Depths:1 | Noticed a lich
 32285 | D:15     | Received a gift from Okawaru
 32304 | D:15     | Got a faintly humming large shield {god gift}
 32310 | D:15     | Identified the +0 large shield of the Dragon {Int+2 Dex-2
                  | SInv} (Okawaru gifted it to you on level 15 of the Dungeon)
 32460 | Depths:1 | Noticed a Brimstone Fiend
 32478 | D:15     | Killed a lich
 32860 | Depths:1 | Noticed a tengu reaver
 32886 | D:15     | HP: 5/117 [frost giant/bolt of cold (11)]
 33299 | D:15     | Killed a lich
 33606 | D:15     | HP: 5/117 [acid (7)]
 34048 | D:15     | Killed a tengu reaver
 34048 | D:15     | Reached skill level 10 in Shields
 34095 | D:15     | Reached XP level 17. HP: 65/123 MP: 27/27
 34486 | Swamp:1  | Entered Level 1 of the Swamp
 34873 | Swamp:1  | Reached skill level 10 in Dodging
 34903 | Swamp:1  | Received a gift from Okawaru
 36032 | Swamp:1  | Upgraded the game from 0.23-a0-207-g93a313e to
                  | 0.23-a0-208-gb6b040f
 36786 | Swamp:2  | Noticed Frances
 36873 | Swamp:2  | Killed Frances
 37746 | D:15     | Received a gift from Okawaru
 37746 | D:15     | Reached skill level 5 in Evocations
 38667 | Depths:1 | Found a one-way gate leading to the halls of Pandemonium.
 39718 | Depths:1 | Found a gateway to Hell.
 39923 | Depths:2 | Reached skill level 15 in Stealth
 39985 | Depths:3 | HP: 6/123 [deep troll (14)]
 39985 | Depths:3 | HP: 1/123 [deep troll (5)]
 39987 | Depths:3 | Slain by a deep troll

Vault maps used:
D:1:      scummos_arrival_gate
D:2:      chequers_ecumenical_altar_simple_redux, serial_forest,
          infiniplex_forest_lined_2, infiniplex_forest_lined_2,
          infiniplex_forest_straight_5, infiniplex_forest_pool,
          infiniplex_forest_lined_2, infiniplex_forest_straight_4,
          infiniplex_forest_straight_2, infiniplex_forest_lined_2,
          infiniplex_forest_corner_1, first_ration, grunt_gozag_statues
D:3:      gammafunk_ghost_grave, hangedman_glass_teeth
D:4:      cheibrodos_quashed, minmay_temple_entry_fiery, serial_shops, shop,
          hangedman_decor_peaks_small
D:5:      minmay_hedge_maze, kennysheep_generic_room_7, uniq_sigmund,
          uniq_prince_ribbit1, uniq_pikel
D:6:      serial_co_window_serial, co_window_paths_a, co_window_paths_a,
          co_window_corner_a, co_window_cross_1, co_window_paths_a,
          co_window_broadway_a, co_window_corner_b, co_window_corner_ca,
          co_window_sun, co_window_4corner_b, hellmonk_ghost_happy_afterlife,
          nrook_uturn, uniq_duvessa
D:7:      dancing_weapons_uskayaw, serial_shops, nicolae_shop_statue_plus, shop,
          kennysheep_little_box
D:8:      ebering_ghost_gozag, grunt_pizzeria
D:9:      gammafunk_temple_overflow_claw, uniq_grum, uniq_erica
D:10:     special_room, basic_altar, uniq_sonja
D:11:     abandoned_shop
D:12:     guppyfry_shop_venom
D:13:     portal_ice_cave_entry_pillars_1, serial_corexii_hall,
          corexii_hall_statues_l, corexii_hall_statues_l,
          hellmonk_ghost_happy_afterlife, st_stairs_6, glass_columns_c,
          grunt_ministairs_7, uniq_rupert
D:14:     erik_vaults_1, kennysheep_flooded_box, uniq_louise
D:15:     hangedman_depths_entry_try_elsewhere_first, uniq_kirke
Temple:   regret_index_temple_mists
Lair:1:   maelrawn_ghost_labyrinth_escape
Lair:2:   swamp_mist, spider_nest_entry_rubble, ldierk_geyser
Lair:3:   basic_altar
Lair:4:   lemuel_fruit_tree, uniq_nergalle
Lair:5:   serial_bayou_shore_a, uniq_snorg
Lair:6:   minmay_lair_end_frog_pond, slime_altar_1, serial_forest,
          infiniplex_forest_straight_4, infiniplex_forest_lined_2,
          infiniplex_forest_straight_2, infiniplex_forest_clump_C
Swamp:1:  evilmike_swamp_ruin_house_3, st_shrine_of_shade
Swamp:2:  gammafunk_mikee_crab_dinner, evilmike_swamp_ruin_house_6, uniq_frances
Orc:1:    mines2_david, uniq_harold
Orc:2:    grunt_orc_community_town_hall, grunt_orc_community_big_house_2,
          grunt_orc_community_big_house_2, grunt_orc_community_house_2,
          grunt_orc_community_house_1, grunt_orc_community_house_3,
          grunt_orc_community_house_1, serial_shops, nicolae_shop_stone,
          lightli_volcano_entry_magma_tube, nicolae_orc_sculptors_studio,
          uniq_nessos
Depths:1: pf_hell_entry_tar_spiral, minmay_misc_feat_tiny, pan_entry,
          roderic_roman_lattice, evilmike_ambush, firewood_loft
Depths:2: grunt_x_marks_the_spot, minmay_misc_feat_doors, hell_entry,
          uniq_saint_roka
Depths:3: hangedman_spin_cycle, pan_entry, hell_entry, uniq_xtahua
Abyss:3:  hangedman_decor_points, hangedman_abyss_or_decor_stagger
IceCv:    ice_cave_tombish
Volcano:  volcano_grotto

Skill      XL: |  1  2  3  4  5  6  7  8  9 10 11 12 13 14 15 16 17 |
---------------+----------------------------------------------------+-----
Axes           | 3 4 5 7 9 10 11 12 13 14 15 | 15.0
Shields        | 4 5 8 10 11 | 11.4
Fighting       | 4 5 6 7 8 10 11 13 | 13.6
Dodging        | 4 7 9 11 | 11.0
Stealth        | 3 6 8 9 11 13 14 15 | 15.2
Invocations    | 2 4 6 8 9 11 12 13 14 | 14.5
Evocations     | 2 4 7 |  7.6
Throwing       | 6 |  6.8

Action                   |  1- 3 |  4- 6 |  7- 9 | 10-12 | 13-15 | 16-18 || total
-------------------------+-------+-------+-------+-------+-------+-------++-------
Melee: War axe           |    69 |   107 |   180 |   639 |   464 |       ||  1459
       Constrict         |    19 |    35 |    37 |   108 |   154 |    65 ||   418
       Tentacles         |    15 |    31 |    46 |   155 |   276 |   231 ||   754
       Punch             |       |       |     3 |     9 |    26 |    22 ||    60
       Hand axe          |       |       |       |       |    96 |       ||    96
       Broad axe         |       |       |       |       |   678 |   777 ||  1455
 Fire: Blowgun           |       |       |       |    81 |    27 |       ||   108
Throw: Javelin           |       |       |       |     1 |    32 |    27 ||    60
Invok: Heroism           |       |       |     8 |    18 |    35 |    20 ||    81
       Finesse           |       |       |       |     2 |    11 |    10 ||    23
 Abil: Evoke Berserk Rag |       |       |       |     4 |       |       ||     4
Evoke: Wand              |       |       |     2 |    23 |     4 |    11 ||    40
  Use: Scroll            |     6 |    12 |     3 |    13 |    24 |     9 ||    67
       Potion            |       |     5 |       |    10 |    10 |     9 ||    34
 Stab: Sleeping          |     7 |     3 |     9 |    26 |    43 |    22 ||   110
       Invisible         |       |     1 |       |     6 |    15 |       ||    22
       Paralysed         |       |       |       |     2 |     2 |       ||     4
       Distracted        |       |       |       |       |     9 |     5 ||    14
       Fleeing           |       |       |       |       |     1 |       ||     1
       Confused          |       |       |       |       |       |     1 ||     1
  Eat: Chunk             |     2 |     7 |     7 |    14 |    10 |     8 ||    48
       Ration            |       |       |     1 |     6 |    13 |     6 ||    26
Armor: Skin              |     5 |     8 |     1 |    43 |    78 |    46 ||   181
Dodge: Dodged            |    22 |    51 |    66 |   269 |   420 |   263 ||  1091
Block: Shield            |    38 |    73 |   101 |   525 |  1101 |   600 ||  2438
       Reflection        |       |       |       |       |    21 |    42 ||    63

Table legend:
 A = Non-vault XP
 B = Vault XP
 C = Vault XP percentage of total XP
 D = Non-vault monster count
 E = Vault monster count
 F = Vault count percentage of total count
                 A         B        C        D         E       F
            +---------+---------+-------+---------+---------+-------
      Total |  156258 |   87182 |  35.8 |     727 |     269 |  27.0
            +---------+---------+-------+---------+---------+-------
        D:1 |      30 |       0 |   0.0 |      17 |       0 |   0.0
        D:2 |      58 |       0 |   0.0 |      27 |       0 |   0.0
        D:3 |     198 |      67 |  25.3 |      31 |       1 |   3.1
        D:4 |     315 |     607 |  65.8 |      22 |       1 |   4.3
        D:5 |     646 |     390 |  37.6 |      17 |       2 |  10.5
        D:6 |     655 |     672 |  50.6 |      23 |       3 |  11.5
        D:7 |    1482 |       0 |   0.0 |      23 |       0 |   0.0
        D:8 |    2049 |    2555 |  55.5 |      25 |       6 |  19.4
        D:9 |    3710 |     918 |  19.8 |      36 |       1 |   2.7
       D:10 |    1726 |    2549 |  59.6 |      24 |      25 |  51.0
       D:11 |    3871 |       0 |   0.0 |      38 |       0 |   0.0
       D:12 |    4671 |       2 |   0.0 |      33 |       1 |   2.9
       D:13 |    6110 |    4359 |  41.6 |      27 |       5 |  15.6
       D:14 |    2310 |    3069 |  57.1 |      12 |       3 |  20.0
       D:15 |   24008 |   27807 |  53.7 |      67 |      24 |  26.4
     Lair:1 |    5681 |    4000 |  41.3 |      21 |       9 |  30.0
     Lair:2 |    2697 |     313 |  10.4 |      12 |       1 |   7.7
     Lair:3 |    1073 |       0 |   0.0 |       5 |       0 |   0.0
     Lair:4 |    8483 |     800 |   8.6 |      21 |       1 |   4.5
     Lair:5 |   16225 |    6413 |  28.3 |      48 |      21 |  30.4
     Lair:6 |    9610 |    7278 |  43.1 |      24 |      30 |  55.6
    Swamp:1 |   14842 |    4484 |  23.2 |      43 |       9 |  17.3
    Swamp:2 |    2006 |    1060 |  34.6 |      10 |       1 |   9.1
      Orc:1 |    2497 |    2538 |  50.4 |      30 |      13 |  30.2
      Orc:2 |    5126 |    6100 |  54.3 |      33 |      67 |  67.0
   Depths:1 |   15839 |       0 |   0.0 |      24 |       0 |   0.0
   Depths:2 |    8490 |    3343 |  28.3 |       9 |       4 |  30.8
    Abyss:3 |   11850 |       0 |   0.0 |      25 |       0 |   0.0
      IceCv |       0 |    4866 | 100.0 |       0 |      22 | 100.0
    Volcano |       0 |    2992 | 100.0 |       0 |      19 | 100.0
            +---------+---------+-------+---------+---------+-------
